 Dungeon Crawl Stone Soup version 0.21-a0-278-ga722497 (console) character file.

220185 nht the Brawler (level 18, -2/174 HPs)
             Began as a Troll Hunter on Sept 22, 2017.
             Was the Champion of Nemelex Xobeh.
             Slain by a water elemental (8 damage)
             ... summoned by Ilsuiw
             ... on level 4 of the Shoals.
             The game lasted 01:54:46 (29680 turns).

nht the Brawler (Troll Hunter)                     Turns: 29680, Time: 01:54:57

Health: -2/174     AC: 19    Str: 36    XL:     18   Next: 46%
Magic:  24/24      EV:  9    Int:  7    God:    Nemelex Xobeh [******]
Gold:   1977       SH: 17    Dex: 10    Spells: 17/17 levels left

rFire    . . .     SeeInvis .     - Unarmed
rCold    + + .     Gourm    +   k - +1 shield {AC+3}
rNeg     . . .     Faith    .   c - +2 troll leather armour {Snorg}
rPois    +         Spirit   .   t - +2 hat {MR+}
rElec    .         Reflect  +   m - scarf of the Republic {rPois rC+}
rCorr    .         Harm     .   (gloves unavailable)
MR       +++..                  (boots unavailable)
Stlth    +.........             x - +3 amulet of reflection
HPRegen  1.19/turn              w - +4 ring of protection
MPRegen  0.19/turn              Z - ring of protection from magic

@: mighty, engulfed (cannot breathe)
A: unfitting armour, claws 3, cold resistance 1, fast metabolism 3, gourmand,
mutation resistance 1, regeneration 1, shaggy fur 1, tough skin 2, MP-powered
wands
}: 1/15 runes: gossamer
a: Triple Draw, Deal Four, Stack Five, Renounce Religion


You were on level 4 of the Shoals.
You worshipped Nemelex Xobeh.
Nemelex Xobeh was exalted by your worship.
You were very full.

You visited 5 branches of the dungeon, and saw 31 of its levels.
You also visited: Bailey and Ice Cave.

You collected 3407 gold pieces.
You spent 1430 gold pieces at shops.

Inventory:

Hand Weapons
 X - the +3 Elemental Staff {rElec rF++ rC++ MR++ AC+5}
   (You found it in an ice cave)

   It affects your AC (+5).
   It greatly protects you from fire.
   It greatly protects you from cold.
   It insulates you from electricity.
   It affects your resistance to hostile enchantments.
Missiles
 i - 17 steel javelins
 A - 24 tomahawks
 G - 4 throwing nets
 I - 59 javelins (quivered)
 M - 30 large rocks
Armour
 c - a +2 troll leather armour (worn) {Snorg}
 k - a +1 shield of protection (worn)
 m - the scarf of the Republic (worn) {rPois rC+}
   (You acquired it on level 15 of the Dungeon)

   It protects you from cold.
   It protects you from poison.
 s - the +0 robe of Yshraq {rF+ SInv Stlth+}
   (You acquired it on level 8 of the Dungeon)

   It protects you from fire.
   It lets you see invisible.
   It makes you more stealthy.
 t - a +2 hat of magic resistance (worn)
 V - a +0 large shield of cold resistance
Jewellery
 e - an uncursed ring of resist corrosion
 w - a +4 ring of protection (left claw)
 x - a +3 amulet of reflection (around neck)
 Z - a ring of protection from magic (right claw)
Wands
 d - a wand of acid (0/15)
 l - a wand of disintegration (8/24)
 z - a wand of enslavement (5/24)
 D - a wand of paralysis (15/24)
 S - a wand of enslavement (15/24)
Scrolls
 a - 5 scrolls of blinking
 g - 11 scrolls of teleportation
 p - 13 scrolls of remove curse
 q - 8 scrolls of identify
 v - 8 scrolls of fog
 y - a scroll of recharging
 E - 2 scrolls of vulnerability
 K - 9 scrolls of enchant armour
 L - 2 scrolls of magic mapping
Potions
 n - 4 potions of heal wounds
 r - 7 potions of curing
 u - 5 potions of resistance
 B - a potion of might
 H - 3 potions of flight
 O - 2 potions of cancellation
 R - 3 potions of invisibility
 T - 4 potions of haste
 W - a potion of ambrosia
Miscellaneous
 o - a plain deck of destruction {drawn: 12}
 F - a legendary deck of summoning {drawn: 3}
 P - a box of beasts
 Y - a legendary deck of escape {drawn: 2}
Comestibles
 f - 22 bread rations
 h - 15 meat rations
 j - 8 royal jellies
 C - 24 fruits


   Skills:
 - Level 10.0 Fighting
 + Level 14.5 Throwing
 + Level 7.3 Armour
 - Level 1.5 Dodging
 - Level 0.3 Stealth
 + Level 12.0 Shields
 * Level 19.3 Unarmed Combat
 - Level 10.0 Invocations


You had 17 spell levels left.
You didn't know any spells.

Dungeon Overview and Level Annotations

Branches:
Dungeon (15/15)            Temple (0/1) D:5            Lair (6/6) D:10
 Shoals (4/4) Lair:3       Spider (4/4) Lair:4        Slime (0/5) Lair:5
    Orc (2/2) D:12            Elf (0/3) Orc:2        Vaults (0/5) D:13
 Depths (0/5) D:15

Altars:
Ashenzari
Cheibriados
Dithmenos
Elyvilon
Nemelex Xobeh
Qazlal
Ru
Sif Muna
Trog
Vehumet
Wu Jian
Xom
Zin
Beogh
Jiyva

Shops:
D:8 =?*[[   D:11 [   D:15 }[   Orc:2 %*(=   Shoals:3 (

Portals:
Trove: D:11 (give 17 potions of curing)

Annotations:
Shoals:4 Ilsuiw
Abyss:1 Polyphemus


Innate Abilities, Weirdness & Mutations

You are too large for most types of armour.
You have claws for hands.
Your metabolism is lightning-fast.
You like to eat raw meat.
Your natural rate of healing is unusually fast.
You are covered in fur. (AC +1)
You have very tough skin. (AC +2)
Your flesh is cold resistant. (rC+)
You are somewhat resistant to further mutation.
You expend magic power (3 MP) to strengthen your wands.


Message History

You mangle something!!
* * * LOW HITPOINT WARNING * * *
Your lungs strain for air!
Something hits you but does no damage. You block the water elemental's attack.
The water elemental barely misses you. You block the water elemental's attack.
You miss something.
* * * LOW HITPOINT WARNING * * *
Your lungs strain for air!
Something hits you!
* * * LOW HITPOINT WARNING * * *
Something freezes you.
* * * LOW HITPOINT WARNING * * *
You closely miss something.
* * * LOW HITPOINT WARNING * * *
Your lungs strain for air!
The water elemental hits you!
* * * LOW HITPOINT WARNING * * *
The water elemental hits you!
You die...
Your body glows with a rainbow of weird colours and disappears.

≈≈≈≈█.█..≈█..≈█≈≈≈≈≈≈≈≈≈≈≈≈≈≈≈≈≈≈
≈≈...█.█....≈██≈≈≈≈≈≈≈≈≈≈≈≈≈≈≈≈≈≈
≈≈....█....≈██)≈≈≈≈≈≈≈≈≈≈≈≈≈≈≈≈≈≈
≈≈.....██████....≈≈≈≈≈≈≈≈≈≈≈≈≈≈≈≈
≈≈................≈≈≈≈≈≈≈≈≈≈≈≈≈≈≈
≈≈.................≈≈≈≈≈≈≈≈≈≈≈≈≈≈
≈≈≈≈................≈≈≈≈≈≈≈≈≈≈≈≈≈
≈≈≈≈≈..........EE(...≈≈≈≈≈≈≈≈≈≈≈≈
≈≈≈≈≈.(.........@....≈≈≈≈≈≈≈≈≈≈≈≈
≈≈≈≈≈...........{E....≈≈≈≈≈≈≈≈≈≈≈
≈≈≈≈≈................)≈≈≈≈≈≈≈≈≈≈≈
≈≈≈≈≈.................≈≈≈≈≈≈≈≈≈≈≈
≈≈≈≈.........███████..≈≈≈≈≈≈≈≈≈≈≈
≈≈≈≈......m.██≈≈≈≈≈██.≈≈≈≈≈≈≈≈≈≈≈
≈≈≈≈≈......██≈█....≈██≈≈≈≈≈≈≈≈≈≈≈
█≈≈≈≈......█≈█≈.≈≈..≈█≈≈≈≈≈≈≈≈≈≈≈
)█≈≈≈≈....≈█≈..≈█≈█..█≈≈≈≈≈≈≈≈≈≈≈


You could see 3 water elementals and a merfolk siren.

Vanquished Creatures
  Arachne (Spider:3)
  2 krakens
  Gastronok (Lair:1)
  Kirke (Spider:2)
  Donald (Shoals:3)
  A fire giant (Shoals:3)
  A frost giant (IceCv)
  Louise (Spider:2)
  An orc warlord (Orc:1)
  5 ghost moths
  3 emperor scorpions (Spider:2)
  3 entropy weavers
  A dire elephant (Lair:6)
  3 merfolk javelineers
  Snorg (Lair:4)
  Josephine (D:11)
  6 merfolk impalers
  Fannar (Lair:1)
  4 vault guards (D:13)
  A rakshasa (D:15)
  3 merfolk avatars
  5 hydras
  3 catoblepae
  5 two-headed ogres
  Erica (D:9)
  An alligator snapping turtle (Shoals:3)
  A death knight (D:14)
  A centaur warrior (D:14)
  6 merfolk aquamancers
  A satyr (Shoals:3)
  7 death yaks
  A deep troll shaman (Lair:6)
  2 orc high priests
  A fire crab (Lair:6)
  9 sea snakes
  A skeletal warrior (D:14)
  An unseen horror (D:12)
  4 deep elf magi
  A wizard (D:15)
  14 ugly things
  A phantasmal warrior (D:14)
  12 harpies (Shoals:1)
  3 orc sorcerers
  14 orb spiders
  23 wolf spiders
  A moth of wrath (Spider:4)
  2 orc knights
  4 cyclopes
  12 manticores
  Maurice (D:10)
  6 fauns
  Joseph (Lair:1)
  15 elephants
  6 merfolk sirens
  4 black mambas
  8 water nymphs
  An eye of devastation (Shoals:2)
  A gargoyle (D:15)
  A torpor snail (Spider:3)
  12 spiny frogs
  5 demonic crawlers
  5 rime drakes
  5 kobold demonologists
  7 komodo dragons
  A komodo dragon (shapeshifter) (D:15)
  12 merfolk
  30 jumping spiders
  A queen bee (shapeshifter) (D:13)
  4 meliai
  5 wind drakes
  18 polar bears (IceCv)
  9 hornets
  5 trolls
  17 blink frogs
  13 hippogriffs
  9 dream sheep
  6 snapping turtles
  6 slime creatures
  A centaur simulacrum (D:15)
  A redback (shapeshifter) (D:15)
  A shadow (D:12)
  A spriggan (D:10)
  44 redbacks
  25 tarantellas
  6 wraiths
  5 basilisks
  A wyvern (D:9)
  15 water elementals
  76 yaks
  3 hogs (Spider:2)
  A steam dragon (D:13)
  3 hungry ghosts
  Menkaure (D:6)
  8 wargs
  A soldier ant (Lair:5)
  3 porcupines
  16 water moccasins
  A swamp drake (D:11)
  An acid dragon (D:15)
  3 ice beasts
  A hornet zombie (D:14)
  2 black bears (Lair:6)
  21 orc warriors
  2 sky beasts (D:12)
  A phantom (D:12)
  An eye of draining (D:13)
  A necrophage (D:10)
  7 ogres
  11 centaurs
  27 wolves
  The ghost of Moloch the Skirmisher, an amateur GrFi (D:3)
  14 crocodiles
  4 big kobolds
  19 bullfrogs
  A wyvern zombie (D:14)
  8 scorpions
  12 killer bees
  5 wights (D:9)
  3 howler monkeys
  7 electric eels
  5 crimson imps
  A quasit (D:10)
  A centaur zombie (D:6)
  3 hounds
  An iron imp (D:11)
  A jelly (D:7)
  A gnoll shaman (D:8)
  5 centaur skeletons
  22 orc priests
  2 bullfrog skeletons
  19 orc wizards
  3 iguanas
  3 worker ants
  14 gnolls
  A worker ant zombie (D:9)
  13 adders
  2 shadow imps
  13 white imps
  2 oozes
  2 adder skeletons
  A worm (D:4)
  A dart slug (D:3)
  2 leopard geckos
  60 orcs
  3 giant cockroaches
  14 goblins
  11 hobgoblins
  2 jackals (D:10)
  5 quokkas
  A ball python (D:1)
  7 bats
  3 frilled lizards
  A jackal skeleton (D:9)
  24 kobolds
  A leopard gecko skeleton (D:8)
  4 rats
  A fungus (Lair:5)
  9 plants
  7 tentacles
1029 creatures vanquished.

Vanquished Creatures (collateral kills)
  Mara (Spider:3)
  Jorgrun (Spider:3)
  Roxanne (D:15)
  Aizul (Shoals:3)
  A ghost moth (Spider:3)
  3 emperor scorpions (Spider:4)
  A merfolk javelineer (Shoals:2)
  A merfolk impaler (Shoals:4)
  The ghost of Feta the Destroyer, a journeyman DrCj of Vehumet (Lair:1)
  2 hydras
  A catoblepas (Lair:6)
  2 merfolk aquamancers
  3 death yaks (Lair:5)
  An alligator snapping turtle (Shoals:2)
  A two-headed ogre (Shoals:4)
  2 orc high priests (Orc:2)
  Urug (Orc:1)
  The ghost of Stiffzip the Cleaver, a novice MiBe of Trog (D:7)
  2 sea snakes
  A swamp dragon (Shoals:4)
  2 orc sorcerers (Orc:2)
  3 orb spiders
  5 wolf spiders
  4 orc knights
  A cyclops (Shoals:3)
  A water nymph (Shoals:4)
  A spiny frog (Lair:6)
  An ice statue (IceCv)
  2 freezing wraiths (D:14)
  A demonic crawler (Spider:3)
  A jumping spider (Spider:4)
  A meliai (Spider:3)
  A queen bee (Spider:3)
  4 hornets (Spider:4)
  7 merfolk
  4 slime creatures
  A dream sheep (Lair:3)
  2 blink frogs (Lair:6)
  2 hippogriffs
  A snapping turtle (Shoals:2)
  23 redbacks
  4 water elementals
  A yak (Lair:5)
  A wyvern (Lair:6)
  7 tarantellas
  A hog (Spider:2)
  A basilisk (shapeshifter) (Shoals:4)
  A basilisk (Lair:1)
  A warg (Orc:1)
  A water moccasin (Lair:4)
  7 orc warriors
  4 ogres
  7 wolves
  3 centaurs
  Blork the orc (D:6)
  2 bullfrogs
  6 killer bees
  An electric eel (Bailey)
  A hound (D:5)
  5 orc priests
  6 orc wizards
  2 worker ants
  Robin (D:4)
  An adder (D:8)
  A shadow imp (D:8)
  A worm (D:6)
  8 orcs
  2 giant cockroaches (D:4)
  3 hobgoblins (D:4)
  A quokka (D:8)
  A frilled lizard (D:4)
  7 goblins
  A jackal skeleton (D:4)
186 creatures vanquished.

Vanquished Creatures (others)
  Nessos (Lair:4)
  An alligator snapping turtle (Shoals:2)
  A centaur warrior (D:11)
  An orc knight (Bailey)
  8 ugly things (D:15)
  An orb spider (Spider:2)
  2 cyclopes
  A merfolk (Shoals:4)
  A meliai (D:15)
  A slime creature (D:14)
  A snapping turtle (Shoals:4)
  A redback (Spider:2)
  A tarantella (Spider:2)
  2 yaks (D:10)
  A water moccasin (Lair:6)
  2 orc warriors
  A wolf (IceCv)
  3 centaurs
  2 killer bees (Spider:3)
  2 orc priests (D:15)
  2 orc wizards
  2 gnolls (D:8)
  9 orcs
  2 kobolds (D:13)
  7 fungi
  39 plants
  26 tentacles
121 creatures vanquished.

Grand Total: 1336 creatures vanquished

Notes
Turn   | Place    | Note
-------+----------+-------------------------------------------
     0 | D:1      | nht the Troll Hunter began the quest for the Orb.
     0 | D:1      | Reached XP level 1. HP: 19/19 MP: 0/0
   154 | D:1      | Reached XP level 2. HP: 27/27 MP: 1/1
   413 | D:1      | You fall through a shaft!
   435 | D:2      | Reached XP level 3. HP: 11/33 MP: 2/2
   868 | D:2      | Reached skill level 5 in Throwing
   873 | D:2      | Reached XP level 4. HP: 31/41 MP: 3/3
  1315 | D:3      | Found a sacrificial altar of Ru.
  1332 | D:3      | Noticed Moloch's ghost (amateur GrFi)
  1395 | D:3      | Reached XP level 5. HP: 28/48 MP: 4/4
  1757 | D:3      | Found a shadowy altar of Dithmenos.
  1902 | D:3      | You fall through a shaft!
  1902 | D:4      | Found a sparkling altar of Nemelex Xobeh.
  1907 | D:4      | Became a worshipper of Nemelex Xobeh the Trickster
  1913 | D:4      | Received a gift from Nemelex Xobeh
  1914 | D:4      | Noticed Robin
  1923 | D:4      | Killed Robin
  1995 | D:4      | Found a white marble altar of Elyvilon.
  2079 | D:4      | Noticed an ogre
  2080 | D:4      | Noticed a wyvern
  2085 | D:4      | Killed an ogre
  2085 | D:4      | Reached skill level 1 in Invocations
  2209 | D:4      | Reached XP level 6. HP: 52/55 MP: 6/6
  2248 | D:4      | Found a shattered altar of Ashenzari.
  2471 | D:3      | Killed Moloch's ghost
  2471 | D:3      | Reached skill level 1 in Unarmed Combat
  2488 | D:3      | Found a glowing silver altar of Zin.
  2966 | D:5      | Entered Level 5 of the Dungeon
  3017 | D:5      | Reached skill level 2 in Unarmed Combat
  3086 | D:5      | Found a staircase to the Ecumenical Temple.
  3090 | D:5      | Reached * piety under Nemelex Xobeh
  3393 | D:5      | Reached XP level 7. HP: 6/62 MP: 8/8
  3551 | D:6      | Found a bloodstained altar of Trog.
  3597 | D:6      | Reached skill level 3 in Unarmed Combat
  3607 | D:6      | Noticed Blork the orc
  3610 | D:6      | Killed Blork the orc
  3620 | D:6      | Noticed Menkaure
  3628 | D:6      | Killed Menkaure
  3628 | D:6      | Reached skill level 4 in Unarmed Combat
  3719 | D:6      | Received a gift from Nemelex Xobeh
  3893 | D:6      | Reached ** piety under Nemelex Xobeh
  3904 | D:6      | Reached XP level 8. HP: 67/70 MP: 10/10
  4241 | D:6      | Found a shadowy altar of Dithmenos.
  4243 | D:6      | Found a shimmering altar of Xom.
  4243 | D:6      | Found an iron altar of Okawaru.
  4245 | D:6      | Found a deep blue altar of Sif Muna.
  4245 | D:6      | Found an ornate altar of the Wu Jian Council.
  4245 | D:6      | Found a radiant altar of Vehumet.
  4377 | D:7      | Noticed Stiffzip's ghost (novice MiBe)
  4380 | D:7      | Killed Stiffzip's ghost
  4380 | D:7      | Reached skill level 5 in Unarmed Combat
  4380 | D:7      | Reached skill level 5 in Invocations
  4416 | D:7      | Reached skill level 6 in Unarmed Combat
  4931 | D:8      | Found Ejoapn's Antique Armour Boutique.
  4931 | D:8      | Noticed a two-headed ogre
  4936 | D:8      | Killed a two-headed ogre
  4936 | D:8      | Reached skill level 7 in Unarmed Combat
  4936 | D:8      | Reached XP level 9. HP: 76/76 MP: 11/13
  4955 | D:8      | Noticed a two-headed ogre
  4993 | D:8      | Received a gift from Nemelex Xobeh
  5066 | D:8      | Killed a two-headed ogre
  5066 | D:8      | Reached skill level 8 in Unarmed Combat
  5125 | D:8      | Found Tewast's Antique Armour Shop.
  5141 | D:8      | Bought a shadowed robe for 165 gold pieces
  5151 | D:8      | Identified the +1 robe of Leapfrog {*Slow rElec rPois Int-4} (You bought it in a shop on level 8 of the Dungeon)
  5308 | D:8      | Found Akoc's Magic Scroll Emporium.
  5316 | D:8      | Bought a scroll of magic mapping for 45 gold pieces
  5363 | D:8      | Found Zashouch's Assorted Antiques.
  5369 | D:8      | Bought a red potion for 18 gold pieces
  5369 | D:8      | Bought a clouded bone amulet for 105 gold pieces
  5369 | D:8      | Bought a scroll labeled ELICEO BEYMIAL for 21 gold pieces
  5369 | D:8      | Bought a runed ivory wand for 84 gold pieces
  5369 | D:8      | Identified the amulet "Zuzyepri" {Gourm Int+4} (You bought it in a shop on level 8 of the Dungeon)
  5592 | D:8      | Reached skill level 1 in Shields
  5608 | D:8      | Found Cicluys's Jewellery Boutique.
  5688 | D:8      | Reached skill level 9 in Unarmed Combat
  5747 | D:9      | Reached *** piety under Nemelex Xobeh
  5962 | D:9      | Reached XP level 10. HP: 85/85 MP: 14/14
  6291 | D:9      | Noticed Erica
  6296 | D:9      | Gained mutation: Your flesh is cold resistant. (rC+) [potion of mutation]
  6296 | D:9      | Gained mutation: You expend magic power (3 MP) to strengthen your wands. [potion of mutation]
  6296 | D:9      | Gained mutation: You are somewhat resistant to further mutation. [potion of mutation]
  6312 | D:9      | Killed Erica
  6312 | D:9      | Reached skill level 10 in Unarmed Combat
  6565 | D:10     | Entered Level 10 of the Dungeon
  6591 | D:10     | Reached skill level 5 in Shields
  6716 | D:10     | Noticed a deep elf mage
  6721 | D:10     | a deep elf mage changed into a tarantella
  6722 | D:10     | You fall through a shaft for 2 floors!
  6723 | D:12     | yuck
  6753 | D:11     | Noticed Josephine
  6753 | D:11     | Noticed a four-headed hydra
  6759 | D:11     | Noticed a seven-headed hydra
  6845 | D:11     | Received a gift from Nemelex Xobeh
  6847 | D:11     | Noticed a centaur warrior
  6855 | D:11     | Killed a centaur warrior
  6855 | D:11     | Reached skill level 11 in Unarmed Combat
  6855 | D:11     | Reached XP level 11. HP: 92/92 MP: 15/15
  6863 | D:11     | Killed a four-headed hydra
  6918 | D:11     | Found a flagged portal.
  6931 | Bailey   | Entered a bailey
  6989 | Bailey   | Found an iron altar of Okawaru.
  6989 | Bailey   | Noticed an orc high priest
  7007 | Bailey   | Killed an orc high priest
  7057 | Bailey   | Noticed an orc knight
  7083 | Bailey   | Killed an orc knight
  7185 | Bailey   | Noticed an orc knight
  7188 | Bailey   | Killed an orc knight
  7188 | Bailey   | Reached skill level 12 in Unarmed Combat
  7353 | Bailey   | Noticed an Ice Fiend
  7450 | D:12     | Noticed a two-headed ogre
  7584 | D:11     | Noticed a two-headed ogre
  7600 | D:11     | Killed a two-headed ogre
  7604 | D:11     | Killed Josephine
  7663 | D:11     | Found Refir's Antique Armour Shop.
  7687 | D:10     | Noticed Maurice
  7695 | D:10     | Killed Maurice
  7696 | D:10     | Received a gift from Nemelex Xobeh
  7745 | D:10     | Found a stormy altar of Qazlal.
  7781 | D:10     | Found a staircase to the Lair.
  7865 | D:10     | Reached **** piety under Nemelex Xobeh
  7999 | D:10     | Reached XP level 12. HP: 72/96 MP: 16/16
  8238 | D:10     | Received a gift from Nemelex Xobeh
  8594 | D:11     | Got a faintly humming hat
  8612 | D:11     | Identified the -6 hat of the True Pharaoh {Str+2} (You found it on level 11 of the Dungeon)
  8759 | D:11     | Found a portal to a secret trove of treasure.
  8775 | D:11     | Killed a seven-headed hydra
  8936 | Lair:1   | Entered Level 1 of the Lair of Beasts
  8936 | Lair:1   | Noticed Joseph
  8942 | Lair:1   | Killed Joseph
  9068 | Lair:1   | Reached skill level 13 in Unarmed Combat
  9096 | Lair:1   | Noticed Feta's ghost (journeyman DrCj)
  9110 | Lair:1   | Killed Feta's ghost
  9143 | Lair:1   | Noticed Gastronok
  9162 | Lair:1   | Killed Gastronok
  9216 | Lair:1   | Noticed Fannar
  9227 | Lair:1   | Killed Fannar
  9455 | Lair:1   | Received a gift from Nemelex Xobeh
  9870 | Lair:2   | Noticed a six-headed hydra
  9887 | Lair:2   | Killed a six-headed hydra
  9934 | Lair:2   | Reached XP level 13. HP: 94/112 MP: 18/18
 10113 | Lair:2   | Reached skill level 5 in Fighting
 10216 | Lair:2   | Received a gift from Nemelex Xobeh
 10457 | Lair:2   | Reached ***** piety under Nemelex Xobeh
 10930 | Lair:3   | Got a steaming war axe
 10954 | Lair:3   | Identified the cursed +2 war axe of Ypuy {vamp, *Corrode +Fly Int+3} (You found it on level 3 of the Lair of Beasts)
 11050 | Lair:3   | Received a gift from Nemelex Xobeh
 11084 | Lair:3   | Found a staircase to the Shoals.
 11762 | Lair:4   | Received a gift from Nemelex Xobeh
 11817 | Lair:4   | Found a hole to the Spider Nest.
 11871 | Lair:4   | Reached skill level 14 in Unarmed Combat
 12040 | Lair:4   | Noticed Nessos
 12042 | Lair:4   | Killed Nessos
 12084 | Lair:4   | Noticed Snorg
 12092 | Lair:4   | You fall through a shaft!
 12234 | Lair:5   | Received a gift from Nemelex Xobeh
 12761 | Lair:4   | Killed Snorg
 13040 | Lair:5   | Received a gift from Nemelex Xobeh
 13124 | Lair:5   | Reached skill level 10 in Throwing
 13468 | Lair:5   | Found a viscous altar of Jiyva.
 13469 | Lair:5   | Found a staircase to the Slime Pits.
 13710 | Lair:6   | Entered Level 6 of the Lair of Beasts
 13710 | Lair:6   | Found a frozen archway.
 13747 | IceCv    | Entered an ice cave
 13789 | IceCv    | Reached XP level 14. HP: 98/128 MP: 13/19
 13830 | IceCv    | Received a gift from Nemelex Xobeh
 13838 | IceCv    | Found the +3 Elemental Staff {rElec rF++ rC++ MR++ AC+5}
 14221 | IceCv    | Noticed a frost giant
 14240 | IceCv    | Killed a frost giant
 14251 | IceCv    | Reached skill level 15 in Unarmed Combat
 14291 | IceCv    | Identified the Almanac of the Snowflakes and Translocation
 14559 | Lair:6   | Received a gift from Nemelex Xobeh
 15102 | Lair:6   | Reached ****** piety under Nemelex Xobeh
 15316 | Lair:6   | Received a gift from Nemelex Xobeh
 15729 | D:12     | Found a staircase to the Orcish Mines.
 16161 | D:12     | Reached XP level 15. HP: 135/141 MP: 20/20
 16293 | D:12     | Received a gift from Nemelex Xobeh
 16366 | D:12     | escape sucks now
 16595 | Orc:1    | Entered Level 1 of the Orcish Mines
 16600 | Orc:1    | Noticed Urug
 16627 | Orc:1    | Killed Urug
 16690 | Orc:1    | Received a gift from Nemelex Xobeh
 16740 | Orc:1    | Noticed an orc warlord
 16767 | Orc:1    | Killed an orc warlord
 16830 | Orc:1    | Found a roughly hewn altar of Beogh.
 17103 | Orc:2    | Entered Level 2 of the Orcish Mines
 17155 | Orc:2    | Found a deep blue altar of Sif Muna.
 17190 | Orc:2    | Found a staircase to the Elven Halls.
 17547 | Orc:2    | Found Bizoplup's Food Shop.
 17547 | Orc:2    | Found Nuivaopn's Jewellery Shoppe.
 17552 | Orc:2    | Found Warex's General Store.
 17552 | Orc:2    | Found Zafovvi's Antique Weapon Shoppe.
 17560 | Orc:2    | Bought a scroll of identify for 36 gold pieces
 17787 | Orc:1    | Received a gift from Nemelex Xobeh
 17968 | D:13     | Found a gate to the Vaults.
 17974 | D:13     | Reached skill level 16 in Unarmed Combat
 18454 | D:14     | Received a gift from Nemelex Xobeh
 18711 | D:14     | Found a shadowy altar of Dithmenos.
 18826 | D:14     | Received a gift from Nemelex Xobeh
 19046 | D:15     | Entered Level 15 of the Dungeon
 19170 | D:15     | Reached skill level 10 in Fighting
 19312 | D:15     | Reached skill level 10 in Invocations
 19365 | D:15     | Found Jebops's Gadget Boutique.
 19376 | D:15     | Noticed Roxanne
 19401 | D:15     | Killed Roxanne
 19527 | D:15     | Found Reepatwi's Armour Shoppe.
 19573 | D:15     | Reached skill level 1 in Armour
 19597 | D:15     | Got a bloodstained scarf
 19615 | D:15     | Identified the scarf of the Republic {rPois rC+} (You acquired it on level 15 of the Dungeon)
 19677 | D:15     | Reached XP level 16. HP: 153/153 MP: 22/22
 19835 | D:15     | Found a staircase to the Depths.
 20109 | Spider:1 | Entered Level 1 of the Spider Nest
 20297 | D:8      | Bought an uncursed ring of resist corrosion for 280 gold pieces
 20340 | D:8      | Bought a scroll of acquirement for 676 gold pieces
 20341 | D:8      | Got a creamy pearl robe
 20352 | D:8      | Identified the +0 robe of Yshraq {rF+ SInv Stlth+} (You acquired it on level 8 of the Dungeon)
 20545 | Spider:1 | Received a gift from Nemelex Xobeh
 20653 | Spider:1 | Reached skill level 10 in Shields
 21182 | Spider:2 | Received a gift from Nemelex Xobeh
 21248 | Spider:2 | Noticed Louise
 21331 | Spider:2 | Killed Louise
 21525 | Spider:2 | Noticed Kirke
 21543 | Spider:2 | Killed Kirke
 21705 | Spider:2 | Reached skill level 17 in Unarmed Combat
 21876 | Spider:2 | Received a gift from Nemelex Xobeh
 22883 | Spider:3 | Noticed Arachne
 22911 | Spider:3 | Killed Arachne
 22943 | Spider:3 | Noticed Jorgrun
 22953 | Spider:3 | Killed Jorgrun
 22988 | Spider:3 | Noticed Mara
 22992 | Spider:3 | Noticed nht's illusion
 22998 | Spider:3 | Killed Mara
 23258 | Spider:3 | Reached XP level 17. HP: 73/166 MP: 1/23
 23274 | Spider:3 | Received a gift from Nemelex Xobeh
 23594 | Spider:4 | Entered Level 4 of the Spider Nest
 23800 | Spider:4 | Reached skill level 5 in Armour
 24564 | Spider:4 | Reached skill level 18 in Unarmed Combat
 24924 | Spider:4 | Got a gossamer rune of Zot
 25203 | Shoals:1 | Entered Level 1 of the Shoals
 25761 | Shoals:1 | Received a gift from Nemelex Xobeh
 25853 | Shoals:1 | Identified the Almanac of Doomed Glamour
 26271 | Shoals:1 | Noticed a kraken
 26289 | Shoals:1 | Killed a kraken
 26557 | Shoals:1 | Received a gift from Nemelex Xobeh
 26903 | Shoals:2 | Received a gift from Nemelex Xobeh
 27184 | Shoals:2 | Received a gift from Nemelex Xobeh
 27511 | Shoals:3 | Noticed Donald
 27520 | Shoals:3 | Killed Donald
 27997 | Shoals:3 | Reached XP level 18. HP: 130/174 MP: 24/24
 28018 | Shoals:3 | Received a gift from Nemelex Xobeh
 28199 | Shoals:3 | Noticed Aizul
 28208 | Shoals:3 | Killed Aizul
 28209 | Shoals:3 | Found Bura's Antique Weapon Boutique.
 28316 | Shoals:3 | Found a snail-covered altar of Cheibriados.
 28510 | Shoals:4 | Entered Level 4 of the Shoals
 28534 | Shoals:4 | Noticed Ilsuiw
 28545 | Shoals:4 | Reached skill level 19 in Unarmed Combat
 28607 | Shoals:4 | Noticed Polyphemus
 28610 | Shoals:4 | Banished Polyphemus
 28892 | Shoals:4 | Received a gift from Nemelex Xobeh
 29680 | Shoals:4 | HP: 6/174 [water elemental[Ilsuiw] (12)]
 29680 | Shoals:4 | Slain by a water elemental

Vault maps used:
D:1:      lemuel_arrival_river_ford
D:3:      lemuel_round_altar, old_standard_altar,
          nicolae_ru_great_annihilating_truth
D:4:      overflow_temple_1_default, nemelex_xobeh_ov_fountains_minmay,
          elyvilon_altar_3, first_bread, minmay_misc_feat_four_crosses,
          uniq_robin
D:5:      temple_pool_b
D:6:      basic_altar, doesnt_xom_only_xom, uniq_blork_the_orc, uniq_menkaure
D:8:      serial_shops, shop, shop_statue, nicolae_shop_stone,
          nicolae_shop_trees, nicolae_shop_overgrown_old_shop,
          minmay_misc_feat_diagonals
D:9:      minmay_stone_trees_large, uniq_erica
D:10:     david_lair_generic, hangedman_stone_soup, grunt_qazlal_sundering,
          uniq_maurice
D:11:     enter_trove_2, serial_shops, shop, enter_bailey_2,
          hangedman_minor_magic, uniq_josephine
D:12:     orc_0_dummy
D:13:     lightli_vaults_fourway_checkpoint, kennysheep_small_square
D:14:     serial_park_gazebo, nicolae_dithmenos_the_darkroom
D:15:     gammafunk_enter_depths_forms, serial_shops, shop_coins, shop,
          lemuel_another_geyser, uniq_roxanne
Lair:1:   uniq_gastronok, uniq_fannar, uniq_joseph
Lair:3:   shoals_dummy_entry, patterned_corridor
Lair:4:   nicolae_spider_entry_orb_guardian, grunt_megastairs_2,
          serial_bayou_shore_a, uniq_nessos, uniq_snorg
Lair:5:   dpeg_slime_entry_enclosed_altar
Lair:6:   grunt_lair_end_beastmaster, portal_ice_cave_entry_imps, st_stairs_10
Shoals:3: serial_shops, shop, wheals_shoals_ruined_temple, uniq_aizul,
          uniq_donald
Shoals:4: shoals_end_hangedman, shoal_ilsuiw, nicolae_shoals_dead_sea_scrolls,
          uniq_polyphemus
Spider:2: spiders_nest_scorpion_pit, spider_trap, nicolae_spider_cling_halls,
          uniq_kirke, uniq_louise
Spider:3: nicolae_looking_at_the_future, uniq_jorgrun, uniq_arachne, uniq_mara
Spider:4: spider_rune_water
Orc:1:    basic_altar, uniq_urug
Orc:2:    grunt_orc_tribal_feast, statue_in_the_mist_lemuel, led_sif_book
Bailey:   bailey_axe_of_yendor_kennysheep, bailey
IceCv:    ice_cave_caverns_02

Skill      XL: |  1  2  3  4  5  6  7  8  9 10 11 12 13 14 15 16 17 18 |
---------------+-------------------------------------------------------+-----
Throwing       | 4 5 6 7 8 10 11 12 13 14 | 14.5
Invocations    | 1 3 4 7 8 9 10 | 10.0
Unarmed Combat | 2 4 7 9 11 12 13 14 15 16 17 18 19 | 19.3
Shields        | 2 6 8 9 10 11 12 | 12.0
Fighting       | 4 7 9 10 | 10.0
Armour         | 1 4 6 7 |  7.3
Dodging        | |  1.5
Stealth        | |  0.3

Action                   |  1- 3 |  4- 6 |  7- 9 | 10-12 | 13-15 | 16-18 || total
-------------------------+-------+-------+-------+-------+-------+-------++-------
Melee: Short sword       |    14 |       |       |       |       |       ||    14
       Unarmed           |    25 |   161 |   122 |   603 |  1109 |   878 ||  2898
       Punch             |       |       |     1 |       |       |       ||     1
Throw: Stone             |    33 |    27 |    24 |    19 |       |       ||   103
       Large rock        |    15 |    14 |    13 |    22 |     1 |     1 ||    66
       Throwing net      |     2 |     1 |     1 |     1 |       |       ||     5
       Tomahawk          |       |       |     4 |    59 |   274 |   325 ||   662
       Javelin           |       |       |       |    35 |    24 |   128 ||   187
Evoke: Deck              |       |     7 |    16 |    32 |    96 |   113 ||   264
       Wand              |       |       |       |    23 |    66 |    27 ||   116
       Box of beasts     |       |       |       |       |       |     2 ||     2
  Use: Potion            |       |     6 |       |     7 |     3 |    13 ||    29
       Scroll            |       |     6 |     8 |    12 |    14 |    12 ||    52
 Stab: Held in net/web   |     1 |       |       |       |       |       ||     1
       Sleeping          |       |     1 |       |     2 |       |     1 ||     4
       Paralysed         |       |     1 |       |       |       |     2 ||     3
       Distracted        |       |     1 |       |     1 |     3 |     6 ||    11
       Petrified         |       |       |       |       |     6 |       ||     6
       Confused          |       |       |       |       |     5 |       ||     5
  Eat: Chunk             |    13 |    24 |    30 |    37 |   100 |    91 ||   295
Armor: Robe              |    27 |    53 |    28 |   169 |    41 |    91 ||   409
       Skin              |       |       |       |     4 |       |       ||     4
       Troll leather arm |       |       |       |       |   206 |   158 ||   364
Dodge: Dodged            |    34 |    77 |    39 |   128 |   186 |   253 ||   717
Block: Shield            |       |       |    29 |   391 |   584 |   690 ||  1694
       Reflection        |       |       |       |     8 |    46 |    54 ||   108

Table legend:
 A = Spawn XP
 B = Non-spawn XP
 C = Spawn XP percentage of total XP
 D = Spawn monster count
 E = Non-spawn monster count
 F = Spawn count percentage of total count
 G = Total turns spent on level
                    A         B        C        D         E        F      G
               +---------+---------+-------+---------+---------+-------+---------
         Total |       0 |  330464 |   0.0 |       0 |    1234 |   0.0 | 29680
               +---------+---------+-------+---------+---------+-------+---------
           D:1 |       0 |      18 |   0.0 |       0 |      13 |   0.0 |   628
           D:2 |       0 |     126 |   0.0 |       0 |      23 |   0.0 |   728
           D:3 |       0 |     201 |   0.0 |       0 |      15 |   0.0 |   835
           D:4 |       0 |     217 |   0.0 |       0 |      31 |   0.0 |   775
           D:5 |       0 |     221 |   0.0 |       0 |       7 |   0.0 |   581
           D:6 |       0 |     671 |   0.0 |       0 |      12 |   0.0 |   778
           D:7 |       0 |    1070 |   0.0 |       0 |      11 |   0.0 |   629
           D:8 |       0 |    2505 |   0.0 |       0 |      25 |   0.0 |   920
           D:9 |       0 |    2855 |   0.0 |       0 |      31 |   0.0 |   818
          D:10 |       0 |    5052 |   0.0 |       0 |      39 |   0.0 |   976
          D:11 |       0 |    8545 |   0.0 |       0 |      44 |   0.0 |   918
          D:12 |       0 |   10305 |   0.0 |       0 |      66 |   0.0 |  1166
          D:13 |       0 |    7255 |   0.0 |       0 |      30 |   0.0 |   600
          D:14 |       0 |    9180 |   0.0 |       0 |      36 |   0.0 |   603
          D:15 |       0 |   20669 |   0.0 |       0 |      51 |   0.0 |   908
        Lair:1 |       0 |   10863 |   0.0 |       0 |      38 |   0.0 |   958
        Lair:2 |       0 |    7170 |   0.0 |       0 |      28 |   0.0 |   819
        Lair:3 |       0 |    3817 |   0.0 |       0 |      17 |   0.0 |  1432
        Lair:4 |       0 |   10866 |   0.0 |       0 |      39 |   0.0 |  1132
        Lair:5 |       0 |    6424 |   0.0 |       0 |      17 |   0.0 |  1095
        Lair:6 |       0 |   20163 |   0.0 |       0 |      78 |   0.0 |  1192
      Shoals:1 |       0 |   19772 |   0.0 |       0 |      36 |   0.0 |  1069
      Shoals:2 |       0 |   12574 |   0.0 |       0 |      31 |   0.0 |   894
      Shoals:3 |       0 |   16794 |   0.0 |       0 |      28 |   0.0 |  1040
      Shoals:4 |       0 |   33074 |   0.0 |       0 |      55 |   0.0 |  1061
      Spider:1 |       0 |   10120 |   0.0 |       0 |      44 |   0.0 |   756
      Spider:2 |       0 |   32189 |   0.0 |       0 |      72 |   0.0 |  1676
      Spider:3 |       0 |   21806 |   0.0 |       0 |      46 |   0.0 |  1033
      Spider:4 |       0 |   27412 |   0.0 |       0 |      76 |   0.0 |  1314
         Orc:1 |       0 |    5264 |   0.0 |       0 |      48 |   0.0 |   567
         Orc:2 |       0 |    6968 |   0.0 |       0 |      55 |   0.0 |   693
        Bailey |       0 |    3779 |   0.0 |       0 |      41 |   0.0 |   430
         IceCv |       0 |   12519 |   0.0 |       0 |      51 |   0.0 |   656
               +---------+---------+-------+---------+---------+-------+---------
